[Event "Portuguese-ch U14-20 2022"]
[Site "Fatima"]
[Date "2022.04.12"]
[Round "4.8"]
[White "Oliveira, Daniela Sousa"]
[Black "Rodrigues, Guilherme Eufrasio"]
[Result "1/2-1/2"]
[ECO "A11"]
[WhiteElo "1272"]
[BlackElo "1171"]
[Annotator "NA RC"]
[PlyCount "147"]
[EventDate "2022.04.10"]
[EventType "swiss"]
[EventCountry "POR"]
[SourceTitle "playchess.com"]
[Source "ChessBase"]
[SourceQuality "1"]
[TimeControl "5400+30"]

1. c4 c6 2. Nc3 Nf6 3. g3 g6 4. Bg2 Bg7 5. d3 O-O 6. e4 d6 7. Nge2 Nbd7 8. O-O Ne5 9. b4 a6 10. Rb1 Bd7 11. h3 Qc8 12. Nf4 Rb8 13. b5 cxb5 14. cxb5 axb5 15. Nxb5 Bxb5 16. Rxb5 Qd7 17. Rb1 Nc6 18. Be3 e5 19. Ne2 Qe6 20. Qb3 Qxb3 21. Rxb3 Nd7 22. Rfb1 Nc5 23. Bxc5 dxc5 24. Rxb7 Rxb7 25. Rxb7 Rc8 26. h4 Nb4 27. Nc1 Rd8 28. Rc7 Bf8 29. Bf1 Ra8 30. Nb3 Rxa2 31. Nxc5 Rc2 32. Rc8 Kg7 33. Rxf8 Kxf8 34. Nd7+ Ke7 35. Nxe5 f6 36. Nf3 Rc1 37. Kg2 Kd6 38. g4 Ra1 39. g5 fxg5 40. Nxg5 Ra3 41. d4 Nc6 42. d5 Ne5 43. Nxh7 Ra2 44. Kg3 Ra3+ 45. Kg2 Ng4 46. Be2 Ne5 47. f4 Nd3 48. Bxd3 Rxd3 49. Nf8 Re3 50. e5+ Kxd5 51. Nxg6 Ke4 52. h5 Kf5 53. Kf2 Rh3 54. Kg2 Rxh5 55. Nf8 Kxf4 56. Nd7 Rh7 57. e6 Re7 58. Nc5 Ke5 59. Nd3+ Kxe6 60. Nf4+ Kf5 61. Nd3 Re2+ 62. Kf3 Rd2 63. Nf2 Ra2 64. Ke3 Ke5 65. Nd3+ Kf5 66. Kd4 Rd2 67. Ke3 Rh2 68. Kd4 Rh4+ 69. Kc3 Ke4 70. Nf2+ Ke3 71. Nd1+ Ke2 72. Nb2 Rh3+ 73. Kd4 Rd3+ 74. Nxd3 1/2-1/2

[Event "Portuguese-ch U14-20 2022"]
[Site "Fatima"]
[Date "2022.04.12"]
[Round "4.10"]
[White "Pipiras, Filipa Fortuna"]
[Black "Sismeiro, Miguel"]
[Result "1/2-1/2"]
[ECO "D78"]
[WhiteElo "2000"]
[BlackElo "2201"]
[Annotator "TA"]
[PlyCount "64"]
[EventDate "2022.04.10"]
[EventType "swiss"]
[EventCountry "POR"]
[SourceTitle "playchess.com"]
[Source "ChessBase"]
[SourceQuality "1"]
[TimeControl "5400+30"]

1. d4 Nf6 2. Nf3 g6 3. g3 Bg7 4. Bg2 d5 5. O-O O-O 6. c4 c6 7. a4 dxc4 8. Na3 {[%emt 0:06:54] D73: Fianchetto Grünfeld: 5 Nf3 .} Nbd7 9. Nxc4 Nb6 {[%emt 0:00:41] [#]} 10. Nxb6 $146 {[%emt 0:01:11] White is slightly better.} ({Predecessor:} 10. b3 Be6 11. Qc2 Bf5 12. Qa2 Be4 13. Rd1 Nbd5 14. Bd2 a5 15. Rac1 Nb4 16. Qb2 {½-½ (43) Svane,R (2613)-Nakamura,H (2736) Chess.com INT 2021}) 10... axb6 11. b3 Bf5 12. Nh4 Bg4 13. h3 Be6 14. e4 b5 15. Be3 bxa4 16. bxa4 Bc4 17. Re1 b5 18. Qc2 Nd7 19. axb5 cxb5 20. Nf3 Nb6 21. Rxa8 (21. Qd2 {is interesting.} f5 22. exf5 Bd5 23. Qb4) 21... Qxa8 22. Nd2 (22. d5 $5 Nd7 23. Nd2 $14) 22... Rc8 23. Qb1 Qa5 {[%emt 0:05:12] Inhibits Qb4.} (23... Qa3 $5 ) 24. Rc1 h6 25. d5 Na4 (25... Kh7 $1 $11 {remains equal.} 26. Bxb6 (26. Nxc4 Nxc4 27. Bf1 Bc3 $11) 26... Qxd2) 26. Nxc4 $16 Rxc4 (26... bxc4 $16 27. Qb7 Qd8) 27. Rxc4 $18 bxc4 {[%emt 0:00:02] [#]} 28. Qc2 (28. Qb8+ $1 $18 Kh7 29. Qe8) 28... Qb4 29. Bf1 (29. e5 $5) 29... Nc3 30. Bd2 Qb3 {[%emt 0:00:58] Black is slightly better.} 31. Qxb3 cxb3 32. Bxc3 Bxc3 {[%emt 0:00:04] Weighted Error Value: White=0.20 (precise) /Black=0.36} 1/2-1/2

[Event "Portuguese-ch U14-20 2022"]
[Site "Fatima"]
[Date "2022.04.12"]
[Round "4.11"]
[White "Ribeiro, Rodrigo"]
[Black "Vidal Torres, Ricardo"]
[Result "0-1"]
[ECO "D37"]
[WhiteElo "1866"]
[BlackElo "2332"]
[Annotator "TA"]
[PlyCount "122"]
[EventDate "2022.04.10"]
[EventType "swiss"]
[EventCountry "POR"]
[SourceTitle "playchess.com"]
[Source "ChessBase"]
[SourceQuality "1"]
[TimeControl "5400+30"]

1. d4 Nf6 2. c4 e6 3. Nf3 d5 4. Nc3 a6 5. cxd5 exd5 6. Bg5 {[%emt 0:00:15] D37: Queen's Gambit Declined: 5 Bf4.} Be7 7. Qb3 c6 8. e3 O-O $1 {[%emt 0:01:58] The main line 8...0-0 scores better than 8...Nbd7.} 9. Bd3 Nbd7 10. h3 Ne4 11. Bf4 Ndf6 {[%emt 0:07:03] [#]} 12. Qc2 $146 ({Predecessor:} 12. O-O Bd6 13. Bxd6 Nxd6 14. Na4 Qe7 15. Qc2 {½-½ (15) Dorfman,J (2585)-Prie,E (2465) Meribel 1998}) 12... Re8 13. Be5 (13. Nxe4 $2 dxe4 14. Bc4 exf3 $19) 13... Bd6 14. g4 ({Don't go for} 14. Nxe4 $2 dxe4 15. Bxe4 Nxe4 16. Qxe4 Qa5+ 17. Nd2 f6 $19) 14... Nxc3 15. bxc3 Ne4 16. Rb1 Ra7 17. Bxe4 (17. Bxd6 $11 Qxd6 18. c4) 17... dxe4 $17 18. Bxd6 ({Not} 18. Qxe4 $2 f6 19. O-O Qe7 $19) 18... Qxd6 19. Nd2 b5 20. Ke2 f5 21. Rbg1 c5 22. gxf5 Bxf5 23. Rg5 (23. Nb3 $17) 23... Rf7 (23... Qf6 $19 24. Rhg1 cxd4 25. cxd4 Rc8 26. Qb3+ Kh8) 24. Rhg1 (24. Nb3 $17 {was worth a try.}) 24... h6 25. R5g3 c4 {[%emt 0:00:49] Against Nb3} 26. Qb2 Qf8 {[%emt 0:01:56] &Nero is much more active.} 27. Qb4 Ree7 (27... Qxb4 $17 28. cxb4 Ra8) 28. R1g2 Qd8 29. f4 $2 (29. Qc5 $15) 29... exf3+ $1 $19 30. Nxf3 (30. Rxf3 $142 Bd3+ 31. Kf2 Rxf3+ 32. Nxf3) 30... Bd3+ 31. Kd2 Qf8 32. Ne1 Rf2+ 33. Kd1 {[%emt 0:00:27] [#]} Rxg2 (33... Bc2+ $142 $1 34. Kc1 Be4) 34. Rxg2 Rxe3 35. Qxf8+ Kxf8 {[%emt 0:00:05][%mdl 4096] Endgame KRB-KRN} 36. Rf2+ Ke7 37. h4 Rh3 38. Nf3 (38. a4 $142) 38... Be4 39. Ne5 (39. Re2 $142 Rxf3 40. Rxe4+ Kf6 41. Kc2) 39... Rxc3 40. Re2 Bf5 41. Nxc4+ Kf6 42. Ne5 (42. Nd6 {is a better defense.} Bg6 43. Ke1) 42... g5 (42... Rh3 $142 43. Kd2 Rxh4) 43. hxg5+ hxg5 {[%emt 0:00:06][%cal Bh6g5,Bg5g4,Bg4g3][%mdl 32] Hoping for ...g4.} 44. Rh2 $2 (44. Rf2 {was the only defense.}) 44... Rh3 45. Rf2 Rh4 {[%emt 0:01:22] Inhibits Ng4+.} (45... Ke6 $19 {White must now prevent ...Rh4.} 46. Nf7 Kxf7 47. Rxf5+ Kg6) 46. Nc6 $2 (46. Nd7+ $1 $11 Ke7 47. Rxf5 Kxd7 48. Rxg5) 46... g4 {[%emt 0:02:03] And now ...g3 would win.} 47. Ke2 g3 {[%emt 0:00:20] ( -> ...Rh2)} 48. Rf3 g2 49. Kf2 Ke6 $2 ({Black should play} 49... Rg4 $19 50. Kg1 Kg5) 50. d5+ $1 $11 {[%emt 0:00:12][%mdl 64] Decoy} Kxd5 {[%emt 0:02:03] aiming for ...Be4.} 51. Ne7+ Ke4 52. Rxf5 {[%emt 0:01:53] KRN-KR} (52. Nxf5 $11 g1=B+ 53. Kxg1 Kxf3 54. Nxh4+ Ke4 55. Kf2) 52... Rg4 (52... Rh7 $17 53. Rf6 Rxe7 54. Rxa6 Rg7) 53. Kg1 {[%emt 0:00:13] The position is equal.} Rg7 $132 {[%emt 0:00:07][%mdl 2048] [#] Black is not holding back} 54. Rf6 $1 Rxe7 55. Rxa6 {[%emt 0:00:13] KR-KR} Kd4 (55... Kf3 $5 56. Rf6+ Kg4 $11) 56. Kxg2 Rf7 57. Rc6 Ra7 58. Rc2 Kd3 59. Rb2 Kc4 60. Kf2 Re7 61. Kf3 b4 {[%emt 0:00:11][%mdl 32768] And White is the lucky defender.  Weighted Error Value: White=0.67/Black=0.46. Loss on time!?} 0-1

[Event "Portuguese-ch U14-20 2022"]
[Site "Fatima"]
[Date "2022.04.12"]
[Round "4.12"]
[White "Fonseca, Pedro Miguel Ramos"]
[Black "Simoes, Miguel Patricio"]
[Result "0-1"]
[ECO "C54"]
[WhiteElo "1788"]
[BlackElo "2001"]
[Annotator "NA RC"]
[PlyCount "100"]
[EventDate "2022.04.10"]
[EventType "swiss"]
[EventCountry "POR"]
[SourceTitle "playchess.com"]
[Source "ChessBase"]
[SourceQuality "1"]
[TimeControl "5400+30"]

1. e4 e5 2. Nf3 Nc6 3. Bc4 Bc5 4. c3 Nf6 5. d4 exd4 6. b4 Be7 7. e5 Ng4 8. cxd4 Bxb4+ 9. Kf1 d5 10. Bd3 h5 11. Qa4 Be7 12. Bb5 Bd7 13. Nc3 a6 14. Nxd5 O-O 15. Nxe7+ Qxe7 16. Bxc6 Bxc6 17. Qc2 Qe6 18. Ng5 Qg6 19. Qxg6 fxg6 20. f3 Nh6 21. Ne6 Rf7 22. Nf4 Rd8 23. e6 Rf6 24. Be3 Nf5 25. Kf2 Nxe3 26. Kxe3 g5 27. Nxh5 Rxe6+ 28. Kf2 Rxd4 29. Rhd1 Rh4 30. Rd8+ Kh7 31. Ng3 Rxh2 32. Rc8 g4 33. Kg1 Rh4 34. Nf5 Rh5 35. fxg4 Rg5 36. Nd4 Re4 37. Nxc6 Rexg4 38. Kf2 Rxg2+ 39. Kf3 R2g3+ 40. Kf4 R3g4+ 41. Kf3 bxc6 42. Rxc7 Rc4 43. Rb1 a5 44. Rb6 c5 45. Rb5 Ra4 46. Rb2 Rh5 47. Kg3 Rd5 48. Rh2+ Kg6 49. Kf3 Ra3+ 50. Ke4 Rd4+ 0-1

[Event "Portuguese-ch U14-20 2022"]
[Site "Fatima"]
[Date "2022.04.12"]
[Round "4.13"]
[White "Soares, Luis Francisco Almei"]
[Black "Gomes, Estevao Manuel"]
[Result "0-1"]
[ECO "B33"]
[WhiteElo "2000"]
[BlackElo "2047"]
[Annotator "NA RC"]
[PlyCount "86"]
[EventDate "2022.04.10"]
[EventType "swiss"]
[EventCountry "POR"]
[SourceTitle "playchess.com"]
[Source "ChessBase"]
[SourceQuality "1"]
[TimeControl "5400+30"]

1. e4 c5 2. Nf3 Nc6 3. d4 cxd4 4. Nxd4 Nf6 5. Nc3 e5 6. Ndb5 d6 7. Bg5 a6 8. Na3 b5 9. Nd5 Be7 10. Bxf6 Bxf6 11. c3 O-O 12. Nc2 Rb8 {[%emt 0:00:04] is now more promising than 12...Bg5.} 13. h4 g6 14. g3 Bg7 15. h5 Ne7 16. Ncb4 Nxd5 17. Nxd5 Be6 18. Bg2 {[%emt 0:01:38] [#]} a5 $146 ({Predecessor:} 18... Qd7 19. Qd2 Rfc8 20. h6 Bh8 21. Rd1 Rc5 22. Nb4 Rb6 23. Nd3 Rc8 24. Qe3 Qd8 25. Nb4 Rcb8 {0-1 (25) Vialet,T (1868)-Lackner,J ICCF email 2016}) 19. Qd2 b4 20. c4 b3 21. a3 Rc8 22. Bf1 Rc5 23. Ne3 Qc7 24. O-O-O Rd8 25. Kb1 Bf6 26. f4 Qc6 27. Bd3 exf4 28. gxf4 Bd4 29. Nd5 Qe8 30. hxg6 fxg6 31. f5 Bxd5 32. exd5 Qe3 33. Qh2 Rc7 34. fxg6 Be5 35. gxh7+ Kh8 36. Qh4 Rf8 37. Rhe1 Qf3 38. Rg1 Rg7 39. Qe4 Qf2 40. Qxe5 dxe5 $19 41. Rgf1 Qc5 42. Rxf8+ Qxf8 43. Rf1 Rf7 0-1

[Event "Portuguese-ch U14-20 2022"]
[Site "Fatima"]
[Date "2022.04.12"]
[Round "4.14"]
[White "Duque, Raquel Dos Santos"]
[Black "Abdurramane, Danial Germano"]
[Result "0-1"]
[ECO "A36"]
[WhiteElo "1510"]
[BlackElo "1772"]
[Annotator "NA RC"]
[PlyCount "104"]
[EventDate "2022.04.10"]
[EventType "swiss"]
[EventCountry "POR"]
[SourceTitle "playchess.com"]
[Source "ChessBase"]
[SourceQuality "1"]
[TimeControl "5400+30"]

1. c4 g6 2. Nc3 Bg7 3. g3 c5 4. Bg2 Nc6 5. e4 b6 6. Nge2 Bb7 7. d3 e6 8. Bf4 d6 9. Rb1 a6 10. a3 Nd4 11. Nxd4 Bxd4 12. Qa4+ Qd7 13. Qxd7+ Kxd7 14. Na4 Kc7 15. b4 Bc6 16. Nb2 Nf6 17. Be3 Bc3+ 18. Bd2 cxb4 19. axb4 Bxd2+ 20. Kxd2 a5 21. b5 Bb7 22. Rhc1 Nd7 23. Ke3 e5 24. Na4 f5 25. Bh3 Rhf8 26. exf5 gxf5 27. f4 Rae8 28. Nc3 Nc5 29. Kd2 Re6 30. fxe5 Rh6 31. exd6+ Kxd6 32. Bf1 Rxh2+ 33. Be2 Rg8 34. Rf1 Rxg3 35. Rxf5 Rxd3+ 36. Kc2 Rxc3+ 37. Kxc3 Rxe2 38. Rbf1 Re3+ 39. Kd2 Re6 40. Rf7 h5 41. R1f5 Rh6 42. R5f6+ Rxf6 43. Rxf6+ Ne6 44. Ke3 h4 45. Rh6 h3 46. Rxh3 Kc5 47. Rh6 Nd8 48. Kd3 Nf7 49. Rh5+ Kb4 50. Kd4 Nd6 51. Rh7 a4 52. Rd7 a3 0-1

[Event "Portuguese-ch U14-20 2022"]
[Site "Fatima"]
[Date "2022.04.12"]
[Round "4.15"]
[White "Goncalves, Samuel Jesus P"]
[Black "Bastiao, Tomas"]
[Result "0-1"]
[ECO "D71"]
[WhiteElo "1807"]
[BlackElo "1664"]
[Annotator "NA RC"]
[PlyCount "84"]
[EventDate "2022.04.10"]
[EventType "swiss"]
[EventCountry "POR"]
[SourceTitle "playchess.com"]
[Source "ChessBase"]
[SourceQuality "1"]
[TimeControl "5400+30"]

1. d4 Nf6 2. c4 g6 3. g3 Bg7 4. Bg2 O-O 5. Nc3 d6 6. Nf3 c6 7. O-O Nbd7 8. e4 e5 9. Re1 Qc7 10. h3 Nb6 11. b3 a5 12. Be3 exd4 13. Nxd4 a4 14. Qc2 Bd7 15. Rad1 axb3 16. axb3 d5 17. exd5 cxd5 18. Ndb5 Bxb5 19. Nxb5 Qc6 20. Bxb6 Qxb6 21. Bxd5 Nxd5 22. Rxd5 Rad8 23. Red1 Rxd5 24. Rxd5 Ra8 25. Qd3 Ra1+ 26. Kg2 Qe6 27. Qe3 Qc6 28. Qf3 Qe6 29. Nd6 Bf8 30. Qe4 Qxe4+ 31. Nxe4 Rb1 32. Rb5 b6 33. Rxb6 Rb2 34. c5 f5 35. Nf6+ Kf7 36. b4 Bg7 37. Nxh7 Bd4 38. Ng5+ Ke7 39. h4 Bxf2 40. Kf3 Bd4 41. Rb7+ Kf6 42. c6 Rf2# 0-1

[Event "Portuguese-ch U14-20 2022"]
[Site "Fatima"]
[Date "2022.04.12"]
[Round "4.16"]
[White "Sousa, Ricardo Miguel Morai"]
[Black "Monteiro, Simao Costa"]
[Result "1-0"]
[ECO "A40"]
[WhiteElo "2077"]
[BlackElo "1346"]
[Annotator "TA"]
[PlyCount "65"]
[EventDate "2022.04.10"]
[EventType "swiss"]
[EventCountry "POR"]
[SourceTitle "playchess.com"]
[Source "ChessBase"]
[SourceQuality "1"]
[TimeControl "5400+30"]

1. d4 e6 2. g3 f5 3. Bg2 Nf6 4. c4 d5 5. Nc3 c6 6. e3 Bd6 {A90: Dutch Defence: Miscellaneous and Modern Stonewall (with ...Bd6).} 7. b3 O-O 8. Bb2 Ne4 {The position is equal.} 9. Nge2 b6 10. O-O Nd7 11. Qc2 Bb7 12. f3 {[#]} Ng5 $146 (12... Nxc3 $11 13. Nxc3 Qg5) ({Predecessor:} 12... Nxc3 13. Nxc3 Rc8 14. e4 f4 15. Bh3 Rf6 16. e5 Rh6 17. Bg4 fxg3 18. exd6 Rxh2 19. Bxe6+ {0-1 (26) Novotny,A (2010)-Panko,R (1781) Kosice 2014}) 13. e4 $16 fxe4 14. fxe4 dxe4 15. Nxe4 Nxe4 16. Qxe4 Qe7 17. Nf4 Rae8 18. Bh3 Bxf4 19. Rxf4 Nf6 ({Black should try} 19... Rxf4 $14 20. Qxf4 (20. gxf4 Nf6 $14) 20... e5 21. dxe5 (21. Qf5 exd4 22. Qxd7 Qe3+ 23. Kh1 Bc8 $11) 21... Nxe5) 20. Qe5 {&Bianco is more active.} Nd7 21. Rxf8+ Qxf8 {Loses the game.} (21... Kxf8 $16 22. Qe3 Nf6) 22. Qc7 $18 ({Don't take} 22. Bxe6+ $6 Kh8 23. Qf5 (23. Bxd7 Rxe5 24. Rf1 Re8 $15) 23... Qxf5 24. Bxf5 Nf6) 22... Bc8 23. Re1 Nf6 24. Qxc6 e5 $2 {[#]} (24... Qb4 {was worth a try.} 25. Re2 (25. Rxe6 $2 Bxe6 26. Bxe6+ Kh8 $19) 25... Bd7) 25. Bxc8 Rxc8 26. Qe6+ Kh8 27. Rxe5 Re8 28. Qf5 Rxe5 29. dxe5 Qc5+ 30. Kg2 Qe3 $2 {[#]} (30... Ng8 $18 31. Qe4 Qa5) 31. exf6 {White mates.} Qe2+ 32. Kh3 gxf6 33. Qxf6+ {Weighted Error Value: White=0.05 (flawless) /Black=0.49} 1-0

[Event "Portuguese-ch U14-20 2022"]
[Site "Fatima"]
[Date "2022.04.12"]
[Round "4.17"]
[White "Asseiceiro, Lucas Teixeira"]
[Black "Gama, Joao Tiago"]
[Result "0-1"]
[ECO "B22"]
[WhiteElo "1580"]
[BlackElo "1637"]
[Annotator "NA RC"]
[PlyCount "54"]
[EventDate "2022.04.10"]
[EventType "swiss"]
[EventCountry "POR"]
[SourceTitle "playchess.com"]
[Source "ChessBase"]
[SourceQuality "1"]
[TimeControl "5400+30"]

1. e4 c5 2. c3 g6 3. Nf3 Bg7 4. d4 cxd4 5. cxd4 d6 6. Nc3 Nc6 7. Be3 Nf6 8. Be2 O-O 9. O-O a6 10. Qd2 b5 11. a3 Bb7 12. d5 Na5 13. Qc2 Rc8 14. b4 Nxd5 15. Bd4 Nxc3 16. bxa5 Bxe4 17. Qd2 Nxe2+ 18. Qxe2 Bxf3 19. Qxf3 Bxd4 20. Rae1 Bc3 21. Re4 Bxa5 22. Rh4 Rc4 23. g4 Qd7 24. h3 Bd2 25. Qg2 Bg5 26. Rh5 gxh5 27. gxh5 Kh8 0-1

[Event "Portuguese-ch U14-20 2022"]
[Site "Fatima"]
[Date "2022.04.12"]
[Round "4.18"]
[White "Oliveira, Maria Elisa Ramos Ma"]
[Black "Pina, Tiago"]
[Result "0-1"]
[ECO "A46"]
[WhiteElo "1316"]
[BlackElo "1938"]
[Annotator "RC"]
[PlyCount "58"]
[EventDate "2022.04.10"]
[EventType "swiss"]
[EventCountry "POR"]
[SourceTitle "playchess.com"]
[Source "ChessBase"]
[SourceQuality "1"]
[TimeControl "5400+30"]

1. d4 Nf6 2. Nf3 e6 3. e3 b6 4. Bd3 Bb7 5. b3 Be7 6. Bb2 O-O 7. Nbd2 d6 8. O-O Nbd7 9. Re1 c5 10. Qe2 Qc7 11. Nc4 Ne4 12. Ncd2 f5 13. Bc4 d5 14. Bd3 Bf6 15. c4 g5 16. Rf1 Rae8 17. Bxe4 dxe4 18. Ne1 Rd8 19. f3 cxd4 20. exd4 Nc5 21. fxe4 Nxe4 22. Nxe4 Bxe4 23. Rd1 g4 24. Nc2 Qg7 25. Rf4 Rd7 26. Ba3 Rfd8 27. c5 Bxc2 28. Qxc2 Bxd4+ 29. Kh1 Bxc5 0-1

[Event "Portuguese-ch U14-20 2022"]
[Site "Fatima"]
[Date "2022.04.12"]
[Round "4.19"]
[White "Tejo, Joao Jorge De Medeir"]
[Black "Bernardo, Beatriz Nunes"]
[Result "1-0"]
[ECO "C54"]
[WhiteElo "1844"]
[BlackElo "1144"]
[Annotator "NA RC"]
[PlyCount "69"]
[EventDate "2022.04.10"]
[EventType "swiss"]
[EventCountry "POR"]
[SourceTitle "playchess.com"]
[Source "ChessBase"]
[SourceQuality "1"]
[TimeControl "5400+30"]

1. e4 e5 2. Nf3 Nc6 3. Bc4 Bc5 4. c3 Nf6 5. d4 exd4 6. e5 d5 7. Bb5 Ne4 8. cxd4 Bb6 9. h3 O-O 10. O-O a6 11. Bxc6 bxc6 12. Re1 h6 13. Nc3 Ba5 14. Bd2 Nxd2 15. Qxd2 Qe7 16. Qc2 Be6 17. a3 c5 18. dxc5 Bxc3 19. Qxc3 c6 20. Re2 Rab8 21. Nd4 Qg5 22. Nxc6 Rbc8 23. Nd4 Qe7 24. b4 f6 25. exf6 Rxf6 26. Rae1 Rcf8 27. Nxe6 Rxe6 28. Rxe6 Qf7 29. R6e2 Rc8 30. Qd3 a5 31. Re7 Qh5 32. R1e5 Qxe5 33. Rxe5 axb4 34. Qxd5+ Kh8 35. axb4 1-0

[Event "Portuguese-ch U14-20 2022"]
[Site "Fatima"]
[Date "2022.04.12"]
[Round "4.21"]
[White "Rodrigues, Jose Pedro Da Costa"]
[Black "Ferreira, Tiago Filipe Quiteri"]
[Result "1-0"]
[ECO "D00"]
[WhiteElo "1533"]
[BlackElo "1699"]
[Annotator "NA RC"]
[PlyCount "27"]
[EventDate "2022.04.10"]
[EventType "swiss"]
[EventCountry "POR"]
[SourceTitle "playchess.com"]
[Source "ChessBase"]
[SourceQuality "1"]
[TimeControl "5400+30"]

1. d4 d5 2. Bf4 Bf5 3. e3 e6 4. c3 c5 5. Nd2 c4 6. e4 Bg6 7. b3 b5 8. a4 Qb6 9. axb5 Qxb5 10. bxc4 dxc4 11. Nxc4 Qb7 12. Qa4+ Qd7 13. Nd6+ Bxd6 14. Bb5 1-0

[Event "Portuguese-ch U14-20 2022"]
[Site "Fatima"]
[Date "2022.04.12"]
[Round "4.22"]
[White "Guia, Artur Solovyov Eloy"]
[Black "Ribeiro, Gustavo"]
[Result "1/2-1/2"]
[ECO "D02"]
[WhiteElo "1932"]
[BlackElo "1860"]
[Annotator "RC"]
[PlyCount "54"]
[EventDate "2022.04.10"]
[EventType "swiss"]
[EventCountry "POR"]
[SourceTitle "playchess.com"]
[Source "ChessBase"]
[SourceQuality "1"]
[TimeControl "5400+30"]

1. d4 d5 2. Bf4 Nf6 3. Nf3 Bf5 4. e3 e6 5. c3 Nbd7 6. Be2 c5 7. Nbd2 Qb6 8. Nh4 Bg6 9. Nxg6 hxg6 10. Qc2 Rc8 11. Qb3 c4 12. Qxb6 Nxb6 13. h3 Na4 14. Rb1 b5 15. Bd1 Nb6 16. O-O b4 17. Bc2 Nfd7 18. Rfc1 a5 19. Bg3 Be7 20. Nf3 O-O 21. Ne5 Nb8 22. e4 Nc6 23. exd5 Nxe5 24. Bxe5 exd5 25. Bf4 Rfe8 26. Re1 Kf8 27. Kf1 a4 1/2-1/2

[Event "Portuguese-ch U14-20 2022"]
[Site "Fatima"]
[Date "2022.04.12"]
[Round "4.23"]
[White "Paiva, Rodrigo Garcia"]
[Black "Bartolo, Filipe Diogo Correia"]
[Result "0-1"]
[ECO "A88"]
[WhiteElo "1667"]
[BlackElo "1869"]
[Annotator "NA RC"]
[PlyCount "124"]
[EventDate "2022.04.10"]
[EventType "swiss"]
[EventCountry "POR"]
[SourceTitle "playchess.com"]
[Source "ChessBase"]
[SourceQuality "1"]
[TimeControl "5400+30"]

1. d4 f5 2. g3 Nf6 3. Bg2 g6 4. Nf3 Bg7 5. c4 O-O 6. O-O d6 7. Nc3 c6 8. Re1 Na6 9. e4 Nxe4 10. Nxe4 fxe4 11. Rxe4 Bf5 12. Re1 e5 13. dxe5 dxe5 14. Be3 Qxd1 15. Rexd1 Bg4 16. Ng5 Bxd1 17. Rxd1 Rfd8 18. Rc1 Nc7 19. Be4 h6 20. Nf3 Kf7 21. Nh4 g5 22. Nf5 Ne6 23. c5 Bf8 24. h4 Nd4 25. Kg2 Nxf5 26. Bxf5 Be7 27. h5 Bf6 28. Be4 Rd7 29. Bf5 Rc7 30. b3 Rd8 31. Kf3 e4+ 32. Bxe4 Rcd7 33. Bc2 Bd4 34. b4 Bxe3 35. Kxe3 Re7+ 36. Kf3 Kf6 37. g4 Rd2 38. Bb3 Rd4 39. b5 Ree4 40. a4 Rb4 41. Rc3 Rxg4 42. Rd3 Ke5 43. Re3+ Rge4 44. Rd3 Rbd4 45. Rc3 Rh4 46. Kg2 Rdg4+ 47. Kf1 Rh1+ 48. Ke2 Rxh5 49. a5 Re4+ 50. Kd2 Rh2 51. a6 Rxf2+ 52. Kc1 bxa6 53. bxc6 Re1+ 54. Bd1 Rf6 55. Kd2 Rxd1+ 56. Kxd1 Rxc6 57. Re3+ Kd5 58. Re7 Kxc5 59. Rxa7 Kd5 60. Ke2 Ke5 61. Rf7 h5 62. Kf2 Rf6+ 0-1

[Event "Portuguese-ch U14-20 2022"]
[Site "Fatima"]
[Date "2022.04.12"]
[Round "4.24"]
[White "Sarabando, Rodrigo Andias"]
[Black "Basilio, Rodrigo"]
[Result "0-1"]
[ECO "A40"]
[WhiteElo "1897"]
[BlackElo "1941"]
[Annotator "NA RC"]
[PlyCount "82"]
[EventDate "2022.04.10"]
[EventType "swiss"]
[EventCountry "POR"]
[SourceTitle "playchess.com"]
[Source "ChessBase"]
[SourceQuality "1"]
[TimeControl "5400+30"]

1. d4 Nf6 2. c4 e6 3. g3 c5 4. d5 exd5 5. cxd5 d6 6. Nc3 g6 7. Bg2 Bg7 8. e4 O-O 9. Nge2 Re8 10. O-O Na6 11. a4 Nb4 12. Kh1 b6 13. h3 Ba6 14. Re1 Nd3 15. Rf1 Nb4 16. Re1 Re7 17. f3 Nd7 18. Nb5 Ne5 19. Nec3 Ned3 20. Rf1 Qd7 21. Kh2 Rae8 22. h4 Bc8 23. Rb1 h6 24. Bf4 Nxf4 25. gxf4 a6 26. Na3 Bf6 27. h5 gxh5 28. Rg1 Kh8 29. Qd2 Rg8 30. f5 Kh7 31. Bh1 Ree8 32. Ne2 Qe7 33. Ng3 Be5 34. Kg2 Rxg3+ 35. Kf1 Qh4 36. Rxg3 Bxg3 37. Bg2 Bf4 38. Qc3 Bxf5 39. exf5 Nxd5 40. Qd3 Ne3+ 41. Kg1 Qh2+ 0-1

[Event "Portuguese-ch U14-20 2022"]
[Site "Fatima"]
[Date "2022.04.12"]
[Round "4.25"]
[White "Coelho, Goncalo Cavaz"]
[Black "Goncalves, Ruan Lucas Alves"]
[Result "1/2-1/2"]
[ECO "C77"]
[WhiteElo "1680"]
[BlackElo "1963"]
[Annotator "RC"]
[PlyCount "90"]
[EventDate "2022.04.10"]
[EventType "swiss"]
[EventCountry "POR"]
[SourceTitle "playchess.com"]
[Source "ChessBase"]
[SourceQuality "1"]
[TimeControl "5400+30"]

1. e4 e5 2. Nf3 Nc6 3. Bb5 a6 4. Ba4 Nf6 5. d3 b5 6. Bb3 d6 7. O-O Be7 8. Bd2 O-O 9. h3 Nb8 10. Nc3 Nbd7 11. a3 Nc5 12. Ba2 Be6 13. Be3 Bxa2 14. Rxa2 Ne6 15. d4 exd4 16. Bxd4 c6 17. Re1 Qd7 18. Ra1 Rad8 19. Bb6 Rb8 20. Bd4 Rfd8 21. e5 dxe5 22. Bxe5 Rb7 23. Qe2 Qc8 24. Rad1 Rbd7 25. Nd4 Nxd4 26. Bxd4 h6 27. Be5 Rxd1 28. Rxd1 Rxd1+ 29. Qxd1 Qf5 30. Qe2 Qe6 31. Kf1 Nd5 32. Nxd5 cxd5 33. Bd4 Bf6 34. Qd2 Bg5 35. Qc3 f6 36. Qf3 Bd2 37. Qe2 Qxe2+ 38. Kxe2 Bf4 39. Kf3 Be5 40. Ke3 Kf7 41. f4 Bd6 42. g4 g6 43. f5 gxf5 44. gxf5 Be5 45. Kd3 Ke7 1/2-1/2

[Event "Portuguese-ch U14-20 2022"]
[Site "Fatima"]
[Date "2022.04.12"]
[Round "4.26"]
[White "Nalivaiko, Maksim"]
[Black "Veleirinho, Tomas Carvalho"]
[Result "1-0"]
[ECO "C50"]
[WhiteElo "1439"]
[BlackElo "1641"]
[Annotator "NA RC"]
[PlyCount "53"]
[EventDate "2022.04.10"]
[EventType "swiss"]
[EventCountry "POR"]
[SourceTitle "playchess.com"]
[Source "ChessBase"]
[SourceQuality "1"]
[TimeControl "5400+30"]

1. e4 e5 2. Nf3 Nc6 3. Bc4 Bc5 4. Nc3 Nf6 5. d3 h6 6. a3 a6 7. Be3 Bxe3 8. fxe3 d6 9. O-O O-O 10. h3 Re8 11. Nh4 Be6 12. Bxe6 fxe6 13. Qf3 Rf8 14. Qg3 Nh7 15. Rxf8+ Nxf8 16. Rf1 Qd7 17. Qg4 Rd8 18. Ne2 Ne7 19. Ng3 Kh7 20. Nh5 Neg6 21. Nxg6 Nxg6 22. Rf6 Qe8 23. Rxe6 Qf7 24. Qf5 Qxf5 25. exf5 Nf8 26. Re7 Rd7 27. Nf6+ 1-0